[Event "*** Titled Tuesday Blitz"]
[Site "Chess.com"]
[Date "2020.05.12"]
[Round "1"]
[White "AsaHoffmann"]
[Black "Chepaschess"]
[Result "0-1"]
[WhiteElo "2403"]
[BlackElo "2765"]
[TimeControl "180+1"]
[EndTime "10:05:12 PDT"]
[Termination "Chepaschess won by resignation"]

1. d4 Nf6 2. Bg5 c5 3. d5 d6 4.
Nc3 h6 5. Bh4 g5 6. Bg3 b5 7.
Nxb5 Qa5+ 8. Nc3 Ne4 9. Qd3 Nxc3 10. Qxc3 Qxc3+ 11. bxc3 Bg7 12. Kd2 Nd7 13. e3 Nb6 14. Rb1 Nxd5 15. Bb5+ Bd7 16. Bxd7+ Kxd7 17. Ne2 Rab8 18.
e4 Nb6 19. Kd3 Kc6 20. f3 Rb7 21. c4 Rhb8 22. Rb3 e6 23. Rhb1 Rd8 24. Be1 d5 25. cxd5+ exd5 26. exd5+ Rxd5+ 27. Ke3 c4 28. Rb4 a5 29.
Rxb6+ Rxb6 30. Rxb6+ Kxb6 31. Nc3 Re5+ 0-1

[Event "*** Titled Tuesday Blitz"]
[Site "Chess.com"]
[Date "2020.05.12"]
[Round "1"]
[White "guillembaches"]
[Black "Onischuk_V"]
[Result "0-1"]
[WhiteElo "2412"]
[BlackElo "2792"]
[TimeControl "180+1"]
[EndTime "10:05:13 PDT"]
[Termination "Onischuk_V won by resignation"]

1. e4 d6 2. d4 Nf6 3. f3 g6 4. Be3 Bg7 5. Qd2 O-O 6. Bh6 c5 7. Ne2 cxd4 8. Nxd4 Nc6 9. Nb3 d5 10. exd5 Qxd5 11. Bxg7 Kxg7 12. Nc3 Qxd2+ 13. Nxd2 Bf5 14. O-O-O Rfd8 15. Bc4 Rac8 16. Bb3 Nd4 17. Rhe1 Kf8 18. h3 a6 19. g4 Be6 20. Bxe6 Nxe6 21. Nb3 Nf4 22. h4 h5 23. g5 N6d5 24. Nxd5 Nxd5 25. Rd4 e6 26. Red1 Ke7 27. c3 Ne3 28. R1d3 Nf5 29. Rxd8 Rxd8 30. Rxd8 Kxd8 31. Nc5 Kc7 32. Ne4 Nxh4 33.
f4 Ng2 0-1

[Event "*** Titled Tuesday Blitz"]
[Site "Chess.com"]
[Date "2020.05.12"]
[Round "1"]
[White "Moon_stone123"]
[Black "VladimirBugayev"]
[Result "1-0"]
[WhiteElo "2516"]
[BlackElo "2160"]
[TimeControl "180+1"]
[EndTime "10:05:13 PDT"]
[Termination "Moon_stone123 won by resignation"]

1. e4 c6 2. Nc3 d5 3. Nf3 Nf6 4. e5 Ne4 5. Ne2 Qb6 6. d4 e6 7. Ng3 c5 8. Bd3 Nc6 9. Nxe4 dxe4 10.
Bxe4 cxd4 11. O-O Bd7 12. a3 O-O-O 13. b4 f5 14. Bd3 h6 15. Bb2 Be8 16. b5 Ne7 17. a4 Bh5 18. Be2 g5 19. a5 Qc5 20.
Ra4 Kb8 21. Rc4 Qd5 22. Rxd4 Bxf3 23. Bxf3 Qxd4 24. Bxd4 g4 25. Be2 Nd5 26. c4 Nc3 27. Bxa7+ Kxa7 28. Qxd8 Nxe2+ 29. Kh1 Bg7 30. Qb6+ Ka8 31.
a6 bxa6 32. Ra1 1-0

[Event "*** Titled Tuesday Blitz"]
[Site "Chess.com"]
[Date "2020.05.12"]
[Round "1"]
[White "annacramling"]
[Black "Chessmatus"]
[Result "0-1"]
[WhiteElo "1880"]
[BlackElo "2472"]
[TimeControl "180+1"]
[EndTime "10:05:13 PDT"]
[Termination "Chessmatus won by resignation"]

1. d4 Nf6 2. c4 g6 3. Nc3 d5 4.
cxd5 Nxd5 5. e4 Nxc3 6. bxc3 Bg7 7. Qa4+ Nd7 8. Bg5 O-O 9. Qa3 c5 10. Nf3 a6 11. Bc4 h6 12. Be3 Qc7 13. Rc1 b5 14. Bd5 Bb7 15. O-O Bxd5 16. exd5 Nb6 17. Qxc5 Qxc5 18. dxc5 Nxd5 19. Bd4 Rac8 20. Ne5 Bxe5 21.
Bxe5 Rxc5 22. Bd4 Rc4 23. Rfe1 Rfc8 24. h3 Nxc3 25. Bxc3 Rxc3 26. Rxc3 Rxc3 27. Rxe7 Rc2 28. a3 Rc3 29. Re3 Rxe3 30. fxe3 Kg7 31. Kf2 Kf6 32. Kf3 Ke5 33. g4 g5 34. Ke2 a5 35. Kd2 b4 36.
axb4 axb4 37. Kc2 Ke4 38. Kb3 Kxe3 39. Kxb4 Kf3 40. Kc5 Kg3 41. Kd5 Kxh3 42. Ke5 Kxg4 0-1

[Event "*** Titled Tuesday Blitz"]
[Site "Chess.com"]
[Date "2020.05.12"]
[Round "1"]
[White "VishnuPrasanna"]
[Black "Pedrada88"]
[Result "1-0"]
[WhiteElo "2678"]
[BlackElo "2345"]
[TimeControl "180+1"]
[EndTime "10:05:15 PDT"]
[Termination "VishnuPrasanna won by resignation"]

1. e4 c5 2. Nf3 Nc6 3. Bb5 Qb6 4. Nc3 e6 5. O-O Nge7 6. Re1 a6 7. Bf1 Ng6 8. b3 Be7 9. Bb2 O-O 10. e5 f6 11. exf6 Bxf6 12. Na4 Qa7 13. Bxf6 Rxf6 14. Bd3 b5 15. Nc3 d5 16. Bxg6 Rxg6 17. Ne5 Nxe5 18.
Rxe5 Qf7 19. Qe2 Bb7 20. Re1 d4 21. Ne4 Qf4 22. Ng3 Bd5 23. c4 dxc3 24. dxc3 Rf8 25. f3 h6 26. Qe3 Qxe3+ 27. R1xe3 a5 28. Ne4 c4 29. b4 axb4 30. cxb4 Ra8 31. Nc3 Rf6 32.
Re2 Rf4 33. Nxb5 Rd4 34. Nxd4 1-0

[Event "*** Titled Tuesday Blitz"]
[Site "Chess.com"]
[Date "2020.05.12"]
[Round "1"]
[White "GMHess"]
[Black "ErikRonka"]
[Result "1-0"]
[WhiteElo "2825"]
[BlackElo "2426"]
[TimeControl "180+1"]
[EndTime "10:05:16 PDT"]
[Termination "GMHess won by resignation"]

1. b3 e5 2. Bb2 Nc6 3. e3 Nf6 4. h3 d5 5. d3 Bd6 6. Nd2 O-O 7. Ne2 Re8 8. g4 Qe7 9. Bg2 Be6 10. Ng3 Ba3 11. Qc1 Bxb2 12. Qxb2 a5 13. a3 h6 14. O-O-O b5 15. Nf3 e4 16. dxe4 Nxe4 17.
Nxe4 dxe4 18. Nd4 Nxd4 19. Rxd4 f5 20. gxf5 Bxf5 21. Bf1 c6 22. Rg1 Rad8 23. Kb1 Rxd4 24. Qxd4 Rd8 25. Rxg7+ Qxg7 26. Qxd8+ Kh7 27. Qe8 Qg1 28.
Qf7+ Kh8 29. Qf8+ 1-0

[Event "*** Titled Tuesday Blitz"]
[Site "Chess.com"]
[Date "2020.05.12"]
[Round "1"]
[White "MathiasWomacka"]
[Black "swimmerchess"]
[Result "0-1"]
[WhiteElo "2426"]
[BlackElo "2825"]
[TimeControl "180+1"]
[EndTime "10:05:16 PDT"]
[Termination "swimmerchess won by resignation"]

1. e4 e5 2. Nf3 Nc6 3. Bc4 Nf6 4. d3 h6 5. O-O d6 6. c3 g5 7. Nbd2 g4 8. Ne1 d5 9. exd5 Nxd5 10. Qb3 Na5 11.
Qa4+ Nc6 12. Ne4 Nb6 13. Qb3 Nxc4 14. Qxc4 Be6 15. Qb5 a6 16. Qxb7 Na5 17. Nf6+ Ke7 18. Qe4 Kxf6 19. f4 Qd5 20. fxe5+ Kg7 21. Qf4 Be7 22. d4 c5 23. dxc5 Qxc5+ 24. Be3 Qd5 25. Nc2 Rad8 26. Nd4 Nc4 27. Rae1 Bg5 28. Nf5+ Bxf5 29.
Qxf5 Nxe3 30. Rxe3 Bxe3+ 31. Kh1 Qe6 0-1

[Event "*** Titled Tuesday Blitz"]
[Site "Chess.com"]
[Date "2020.05.12"]
[Round "1"]
[White "Piotrek1979"]
[Black "vaishali2001"]
[Result "0-1"]
[WhiteElo "2315"]
[BlackElo "2637"]
[TimeControl "180+1"]
[EndTime "10:05:17 PDT"]
[Termination "vaishali2001 won by resignation"]

1. d4 Nf6 2. c4 e6 3. Nc3 Bb4 4. e3 O-O 5. Bd3 d5 6. Ne2 c5 7. O-O cxd4 8. exd4 dxc4 9. Bxc4 b6 10. Bg5 Bb7 11.
Qd3 Nbd7 12. Rad1 Rc8 13. Bb3 h6 14. Bh4 Qc7 15. d5 Nc5 16. Qh3 Bxc3 17. Nxc3 Nxd5 18.
Nxd5 exd5 19. Bxd5 Bxd5 20. Rxd5 Ne6 21. Qg4 Qc2 22. Bf6 Rc4 23. Qg3 Qe4 24. Rfd1 Qxd5 0-1

[Event "*** Titled Tuesday Blitz"]
[Site "Chess.com"]
[Date "2020.05.12"]
[Round "1"]
[White "AlleyOoper"]
[Black "miruna_daria28"]
[Result "1-0"]
[WhiteElo "2590"]
[BlackElo "2278"]
[TimeControl "180+1"]
[EndTime "10:05:18 PDT"]
[Termination "AlleyOoper won by resignation"]

1. d4 Nf6 2. Nc3 d5 3. Bf4 a6 4. e3 e6 5. g4 Bd6 6. Bxd6 Qxd6 7.
g5 Nfd7 8. h4 c5 9. Nf3 Nc6 10. Qd2 b5 11. Ne2 c4 12. c3 b4 13. Ng3 bxc3 14. bxc3 Rb8 15. e4 Qa3 16. Rc1 Rb2 17. Rc2 Rb1+ 18. Ke2 a5 19. Bg2 Ba6 20. Rxb1 1-0

[Event "*** Titled Tuesday Blitz"]
[Site "Chess.com"]
[Date "2020.05.12"]
[Round "1"]
[White "zubridis"]
[Black "TheSodabread"]
[Result "1-0"]
[WhiteElo "2476"]
[BlackElo "1940"]
[TimeControl "180+1"]
[EndTime "10:05:18 PDT"]
[Termination "zubridis won by resignation"]

1. Nf3 Nf6 2. c4 e6 3. g3 b6 4. Bg2 Bb7 5. O-O Be7 6. Nc3 O-O 7. Re1 c5 8. e4 d6 9. d4 cxd4 10. Nxd4 Qc8 11. b3 a6 12. Be3 Nbd7 13. f4 Ra7 14.
Rc1 Qa8 15. Bf2 Rc8 16. g4 Nc5 17. Qe2 e5 18. Nf5 Bf8 19. g5 Ne8 20. Nd5 Bxd5 21.
cxd5 g6 22. Ne3 exf4 23. Nc4 b5 24. Na5 Nd7 25. Rxc8 Qxc8 26. Bxa7 1-0

[Event "*** Titled Tuesday Blitz"]
[Site "Chess.com"]
[Date "2020.05.12"]
[Round "1"]
[White "petrkostenko"]
[Black "canary2016"]
[Result "1-0"]
[WhiteElo "2475"]
[BlackElo "1916"]
[TimeControl "180+1"]
[EndTime "10:05:18 PDT"]
[Termination "petrkostenko won by checkmate"]

1. e4 c6 2. d3 d5 3. Nd2 Nf6 4. e5 Nfd7 5. f4 e6 6. d4 Nb6 7.
c3 N8d7 8. Bd3 c5 9. Ndf3 Be7 10. Ne2 c4 11. Bc2 a5 12. h4 a4 13. h5 a3 14. b3 cxb3 15. axb3 Qc7 16. Bd3 f6 17. Qc2 fxe5 18. fxe5 Nf8 19. h6 g6 20. Bg5 Bxg5 21.
Nxg5 Qe7 22. Qd2 Bd7 23. O-O Bc6 24. Rf7 Qd8 25. Qf4 Nfd7 26. Nxe6 Qc8 27. Rf1 Qb8 28.
Qg5 a2 29. Qe7# 1-0

[Event "*** Titled Tuesday Blitz"]
[Site "Chess.com"]
[Date "2020.05.12"]
[Round "1"]
[White "Rumpel-VK"]
[Black "diablanni"]
[Result "1-0"]
[WhiteElo "2603"]
[BlackElo "2286"]
[TimeControl "180+1"]
[EndTime "10:05:19 PDT"]
[Termination "Rumpel-VK won by resignation"]

1. e4 c5 2. g3 d5 3. exd5 Qxd5 4. Nf3 Bg4 5. Bg2 Nc6 6. O-O O-O-O 7. h3 Bh5 8. Nc3 Qd7 9. d3 e5 10. Re1 f6 11.
Nxe5 Bxd1 12. Nxd7 Bxc2 13. Nxf8 Rxf8 14. Bxc6 bxc6 15. Be3 Bxd3 16. Bxc5 Rd8 17. Bxa7 Nh6 18. Bc5 Rhe8 19. a4 Nf7 20. f4 h5 21. a5 Kb7 22.
Rxe8 Rxe8 23. Kf2 Nh6 24. Ra4 Ka6 25. Rb4 Bb5 26. Bb6 Nf5 27. Ne4 Kb7 28. g4 1-0

[Event "*** Titled Tuesday Blitz"]
[Site "Chess.com"]
[Date "2020.05.12"]
[Round "1"]
[White "THE_PLAYER6"]
[Black "BhulseATX"]
[Result "1-0"]
[WhiteElo "2476"]
[BlackElo "1962"]
[TimeControl "180+1"]
[EndTime "10:05:19 PDT"]
[Termination "THE_PLAYER6 won by resignation"]

1. d4 d5 2. c4 e6 3. Nc3 Nf6 4.
cxd5 exd5 5. Bg5 Be7 6. e3 O-O 7. Bd3 c6 8. Qc2 h6 9. Bh4 Nbd7 10. Nf3 Re8 11. O-O-O Nf8 12. Ne5 N6d7 13. Bxe7 Qxe7 14. Nf3 b5 15. Ne2 Bb7 16. Ng3 g6 17. h4 c5 18.
h5 cxd4 19. Kb1 Ne5 20. Nxe5 Qxe5 21. exd4 Qf6 22. hxg6 fxg6 23. Rxh6 Rac8 24. Qd2 Rc7 25. Bxb5 Rec8 26. Ba4 Ba6 27. a3 Rc4 28. Bb3 R4c7 29. Bxd5+ Kg7 30. Nh5+ 1-0

[Event "*** Titled Tuesday Blitz"]
[Site "Chess.com"]
[Date "2020.05.12"]
[Round "1"]
[White "mamey78"]
[Black "Egor_Pakhomov"]
[Result "1-0"]
[WhiteElo "2337"]
[BlackElo "2623"]
[TimeControl "180+1"]
[EndTime "10:05:21 PDT"]
[Termination "mamey78 won by resignation"]

1. e4 c5 2. Nf3 Nc6 3. c3 Nf6 4. e5 Nd5 5. d4 cxd4 6. Bc4 e6 7.
cxd4 d6 8. O-O Be7 9. Qe2 a6 10. Nc3 Nxc3 11. bxc3 b5 12. Bb3 dxe5 13. dxe5 Bb7 14.
Qe4 Qc7 15. Re1 O-O 16. Bc2 g6 17. Bh6 Rfd8 18. Qf4 b4 19. Ng5 Nxe5 20. Rxe5 f6 21. Rae1 Bd5 22. Nxh7 Kxh7 23. Bxg6+ Kxg6 24. Qg4+ 1-0

[Event "*** Titled Tuesday Blitz"]
[Site "Chess.com"]
[Date "2020.05.12"]
[Round "1"]
[White "PenguinPacks"]
[Black "mikolka1985"]
[Result "0-1"]
[WhiteElo "2285"]
[BlackElo "2602"]
[TimeControl "180+1"]
[EndTime "10:05:21 PDT"]
[Termination "mikolka1985 won by resignation"]

1. e4 e5 2. Nf3 Nc6 3. Bc4 Bc5 4.
O-O Nf6 5. c3 Nxe4 6. d4 exd4 7.
cxd4 d5 8. Bxd5 Qxd5 9. dxc5 Qxd1 10. Rxd1 Bg4 11. Re1 O-O-O 12. Be3 Nb4 13. Na3 Nd3 14.
Re2 Bxf3 15. gxf3 Nexc5 16. Rc2 b6 17. Nb5 Kb7 18. a3 Ne6 19. b4 f5 20. f4 a6 21. Nc3 Nexf4 22. Rd1 Ne6 23. Rcd2 Ne5 24. Nd5 Nf3+ 25. Kg2 Nxd2 26. Rxd2 c6 27. Nxb6 0-1

[Event "*** Titled Tuesday Blitz"]
[Site "Chess.com"]
[Date "2020.05.12"]
[Round "1"]
[White "kuban1991"]
[Black "smshk35"]
[Result "1-0"]
[WhiteElo "2734"]
[BlackElo "2387"]
[TimeControl "180+1"]
[EndTime "10:05:22 PDT"]
[Termination "kuban1991 won by resignation"]

1. Nf3 Nf6 2. g3 g6 3. Bg2 Bg7 4. O-O O-O 5. c4 d6 6. Nc3 e5 7.
d3 Re8 8. Rb1 e4 9. Nd4 exd3 10.
exd3 c6 11. Re1 Bg4 12. Rxe8+ Qxe8 13. Qb3 Bc8 14. Bd2 Na6 15. Re1 Qd8 16. Qc2 Nc5 17. b4 Ne6 18. Nxe6 Bxe6 19. b5 d5 20. Bf4 dxc4 21. dxc4 Bxc4 22. bxc6 bxc6 23. Bxc6 Rc8 24. Bb7 Nh5 25. Bxc8 Nxf4 26. Bg4 Nd3 27. Rd1 Qa5 28. Ne4 Ne5 29. Be2 Bd5 30. Qc8+ 1-0

[Event "*** Titled Tuesday Blitz"]
[Site "Chess.com"]
[Date "2020.05.12"]
[Round "1"]
[White "mbojan"]
[Black "patchi0423"]
[Result "1-0"]
[WhiteElo "2669"]
[BlackElo "2341"]
[TimeControl "180+1"]
[EndTime "10:05:22 PDT"]
[Termination "mbojan won by resignation"]

1. e4 c6 2. d3 d5 3. Nd2 dxe4 4. dxe4 e5 5. Ngf3 Nd7 6. Bc4 Be7 7. O-O Ngf6 8. Re1 O-O 9. Nf1 Re8 10. Ng5 Rf8 11. Ng3 h6 12. Nf3 a5 13. a4 Qc7 14. Nf5 Nc5 15.
Nxe7+ Qxe7 16. b3 Rd8 17. Qe2 Nfxe4 18. Bb2 Bg4 19. h3 Bxf3 20. Qxf3 Nd2 21. Qc3 Nxc4 22. Qxc4 Rd5 23. Ba3 f6 24. Rad1 Rd8 25. Bxc5 Qf7 26.
Rxd5 cxd5 27. Qb5 Qc7 28. Bb6 Qc3 29. Bxa5 1-0

[Event "*** Titled Tuesday Blitz"]
[Site "Chess.com"]
[Date "2020.05.12"]
[Round "1"]
[White "Oneofmyturns"]
[Black "shav3184"]
[Result "1-0"]
[WhiteElo "2659"]
[BlackElo "2335"]
[TimeControl "180+1"]
[EndTime "10:05:26 PDT"]
[Termination "Oneofmyturns won by resignation"]

1. d4 d5 2. c4 c6 3. Nf3 Nf6 4. e3 e6 5. Nc3 Nbd7 6. Qc2 Be7 7. b3 O-O 8. Bd3 b6 9. O-O Bb7 10. Bb2 Rc8 11. Rfd1 Qc7 12. Rac1 Qb8 13. Qe2 c5 14. cxd5 exd5 15. Bf5 Rcd8 16. Ne5 Nxe5 17. dxe5 Qxe5 18.
Nxd5 Rxd5 19. Bxe5 Rxe5 20. Bh3 Ne4 21. f4 Rd5 22.
Rxd5 Bxd5 23. Bg4 f5 24. Bf3 Bf6 25. Qa6 Rf7 26. Qc8+ Rf8 27. Qxf5 1-0

[Event "*** Titled Tuesday Blitz"]
[Site "Chess.com"]
[Date "2020.05.12"]
[Round "1"]
[White "Riptide27"]
[Black "Playgood28"]
[Result "1-0"]
[WhiteElo "2558"]
[BlackElo "2226"]
[TimeControl "180+1"]
[EndTime "10:05:26 PDT"]
[Termination "Riptide27 won by resignation"]

1. d4 f5 2. g3 Nf6 3. Bg2 g6 4. c4 d6 5. Nc3 Bg7 6. Nf3 O-O 7. O-O c6 8. d5 e5 9. dxe6 Bxe6 10. Qa4 Qe7 11.
Ng5 Nbd7 12. Nxe6 Qxe6 13. Be3 Ng4 14. Bf4 Nc5 15. Qc2 Ne5 16. b3 h6 17. Rad1 g5 18.
Bc1 f4 19. Nd5 f3 20. exf3 Kh8 21. Nc7 Qf7 22. Nxa8 Rxa8 23. f4 gxf4 24. Bxf4 Ncd3 25. Rxd3 1-0

[Event "*** Titled Tuesday Blitz"]
[Site "Chess.com"]
[Date "2020.05.12"]
[Round "1"]
[White "GoValya"]
[Black "IriBu"]
[Result "0-1"]
[WhiteElo "2164"]
[BlackElo "2519"]
[TimeControl "180+1"]
[EndTime "10:05:26 PDT"]
[Termination "IriBu won by resignation"]

1. d4 Nf6 2. Nf3 g6 3. g3 Bg7 4. Bg2 O-O 5. O-O d6 6. c4 c6 7.
Nc3 Qa5 8. d5 Qa6 9. Nd2 cxd5 10.
cxd5 Bf5 11. Re1 Rc8 12. e4 Bg4 13. Qb3 Qb6 14. Qxb6 axb6 15. e5 dxe5 16. Rxe5 Na6 17. Rxe7 Nc5 18. Nde4 Ncxe4 19. Nxe4 Nxd5 20. Rxb7 Rxa2 21. Rxa2 Rxc1+ 22. Bf1 Bh3 23. Nd2 Bh6 24. Ra8+ Kg7 25. Raa7 Bxd2 26. Rxf7+ Kg8 27. Rg7+ Kf8 28. Raf7+ Ke8 0-1

[Event "*** Titled Tuesday Blitz"]
[Site "Chess.com"]
[Date "2020.05.12"]
[Round "1"]
[White "emiliocordova"]
[Black "Korona_91"]
[Result "1-0"]
[WhiteElo "2875"]
[BlackElo "2442"]
[TimeControl "180+1"]
[EndTime "10:05:27 PDT"]
[Termination "emiliocordova won by resignation"]

1. d4 g6 2. Nf3 Bg7 3. c4 d6 4. Nc3 Nd7 5. g3 e5 6. dxe5 dxe5 7. Bg2 Ne7 8. O-O O-O 9. Qc2 Nc6 10. Rd1 Nd4 11.
Nxd4 exd4 12. Nb5 c5 13. Bf4 a6 14. Nc7 Ra7 15. Bd6 Ne5 16. Bxf8 Bxf8 17. Nd5 Bf5 18.
Qb3 Bg7 19. a4 a5 20. h3 Nc6 21. e4 Be6 22. Nf4 Nb4 23. Nd3 b6 24. Nxb4 axb4 25. Qd3 Qe8 26. b3 h5 27. f4 Bc8 28. Re1 Re7 29. Re2 f6 30. Rae1 Kh7 31. Kh2 Bh6 32.
h4 Bg7 33. Bf3 Bd7 34. f5 g5 35.
e5 g4 36. Bd5 Bh6 37. exf6 Re3 38. Rxe3 dxe3 39. f7 Qe5 40. Rxe3 Bxe3 41. f8=Q Qb2+ 42. Bg2 1-0

[Event "*** Titled Tuesday Blitz"]
[Site "Chess.com"]
[Date "2020.05.12"]
[Round "1"]
[White "chessdjw"]
[Black "SharpCube"]
[Result "1-0"]
[WhiteElo "2705"]
[BlackElo "2365"]
[TimeControl "180+1"]
[EndTime "10:05:29 PDT"]
[Termination "chessdjw won by resignation"]

1. e4 c5 2. Nf3 d6 3. Bb5+ Nd7 4. a4 a6 5. Be2 b6 6. d4 Bb7 7. Nc3 cxd4 8. Qxd4 e6 9. O-O Ngf6 10. Rd1 Be7 11. e5 dxe5 12. Nxe5 Nxe5 13. Qxe5 Qb8 14. Qd4 Bc5 15.
Qh4 O-O 16. Bg5 Nd5 17. Ne4 h6 18. Bxh6 gxh6 19. Rd3 Qf4 20. Rg3+ Kh7 21. Ng5+ 1-0

[Event "*** Titled Tuesday Blitz"]
[Site "Chess.com"]
[Date "2020.05.12"]
[Round "1"]
[White "baag"]
[Black "Kopytkin"]
[Result "1-0"]
[WhiteElo "2661"]
[BlackElo "2333"]
[TimeControl "180+1"]
[EndTime "10:05:30 PDT"]
[Termination "baag won on time"]

1. b3 e5 2. Bb2 d6 3. Nf3 Nd7 4. e3 g6 5. d4 Bg7 6. c4 Ne7 7. Be2 O-O 8. O-O h6 9. e4 b6 10. Nc3 Bb7 11. Qd2 Qe8 12. Nd5 Rc8 13. Rac1 exd4 14.
Bxd4 Nxd5 15. Bxg7 Kxg7 16. exd5 a5 17. Rfe1 Qd8 18.
a3 Qf6 19. b4 axb4 20. axb4 Ra8 21. Bf1 Rfe8 22. Nd4 Ne5 23. Nb5 Re7 24. f4 Ng4 25.
h3 Rae8 26. Rxe7 Rxe7 27. hxg4 Qh4 28. Qd4+ Kh7 29. f5 Bc8 30. Qf2 Qg5 31. Re1 Rxe1 32.
fxg6+ 1-0

[Event "*** Titled Tuesday Blitz"]
[Site "Chess.com"]
[Date "2020.05.12"]
[Round "1"]
[White "BilodeauA"]
[Black "Lion-Al-Messi"]
[Result "1-0"]
[WhiteElo "2889"]
[BlackElo "2446"]
[TimeControl "180+1"]
[EndTime "10:05:33 PDT"]
[Termination "BilodeauA won by resignation"]

1. e4 e6 2. d4 d5 3. Nc3 Nf6 4. e5 Nfd7 5. f4 c5 6. Nf3 Nc6 7. Be3 a6 8. Qd2 b5 9. dxc5 Bxc5 10. Bd3 Qb6 11. Bf2 Bb7 12. O-O Bxf2+ 13. Qxf2 Qxf2+ 14. Kxf2 Ke7 15. a4 b4 16. Ne2 Nc5 17. Ned4 g6 18. h4 h5 19. Ke3 Rhc8 20. a5 Rc7 21. Rg1 Rac8 22. g3 Ke8 23. g4 hxg4 24. Rxg4 Ne4 25. Rh1 Ne7 26. h5 Nf5+ 27. Nxf5 exf5 28. Rgg1 d4+ 29.
Nxd4 Ng3 30. Rxg3 Bxh1 31. hxg6 fxg6 32. Rxg6 Be4 33. Bxa6 Rd8 34. Rg8+ Ke7 35. Rxd8 Kxd8 36. Ne6+ Kd7 37. Nxc7 Kxc7 38. Bd3 1-0

[Event "*** Titled Tuesday Blitz"]
[Site "Chess.com"]
[Date "2020.05.12"]
[Round "1"]
[White "Bagirova"]
[Black "FGHSMN"]
[Result "0-1"]
[WhiteElo "2186"]
[BlackElo "2529"]
[TimeControl "180+1"]
[EndTime "10:05:35 PDT"]
[Termination "FGHSMN won by resignation"]

1. d4 Nf6 2. Nf3 e6 3. Bf4 c5 4. e3 Nc6 5. c3 d5 6. Nbd2 Bd6 7. Bg3 O-O 8. Bd3 Qe7 9. O-O e5 10. dxe5 Nxe5 11. Nxe5 Bxe5 12. Qc2 Bxg3 13. hxg3 Be6 14. c4 Rad8 15. Rfd1 h6 16. cxd5 Nxd5 17. a3 Bg4 18. Nf3 Rd6 19. Bc4 Rfd8 20. Bxd5 Rxd5 21. Rxd5 Rxd5 22.
Rd1 Rxd1+ 23. Qxd1 Be6 24. Qd2 b5 25. Qa5 Qd7 26.
Qd2 Qc7 27. e4 a5 28. e5 b4 29. axb4 axb4 30. Qc2 c4 31. Kh2 c3 32. bxc3 Qxc3 33. Qxc3 bxc3 34. Ne1 Bf5 35. g4 c2 0-1

[Event "*** Titled Tuesday Blitz"]
[Site "Chess.com"]
[Date "2020.05.12"]
[Round "1"]
[White "pheonixking2000"]
[Black "MichailovM"]
[Result "1-0"]
[WhiteElo "2820"]
[BlackElo "2425"]
[TimeControl "180+1"]
[EndTime "10:05:36 PDT"]
[Termination "pheonixking2000 won by resignation"]

1. Nf3 Nf6 2. c4 g6 3. Nc3 Bg7 4. g3 O-O 5. Bg2 d6 6. d4 Nc6 7. O-O a6 8. e4 Bg4 9. Be3 Nd7 10. h3 Bxf3 11. Bxf3 e5 12. d5 Nd4 13. Bg2 c5 14.
dxc6 bxc6 15. f4 a5 16. f5 Nc5 17. Qd2 a4 18. g4 Rb8 19. Rad1 Rb7 20. Rf2 Re8 21. g5 Qa5 22. h4 Qb4 23. h5 Qxc4 24. h6 Bf8 25. Bf1 Qb4 26. a3 Qb3 27. Bxd4 exd4 28.
Qxd4 d5 29. exd5 cxd5 30. Nxd5 Nd7 31. fxg6 fxg6 32. Qf4 Ne5 33. Nf6+ Kh8 34. Nxe8 Be7 35. Qxe5+ 1-0

[Event "*** Titled Tuesday Blitz"]
[Site "Chess.com"]
[Date "2020.05.12"]
[Round "1"]
[White "SahaNeelash"]
[Black "letantha"]
[Result "1-0"]
[WhiteElo "2515"]
[BlackElo "2151"]
[TimeControl "180+1"]
[EndTime "10:05:37 PDT"]
[Termination "SahaNeelash won by resignation"]

1. d4 Nf6 2. Bg5 e6 3. Nd2 h6 4. Bh4 d5 5. e3 Be7 6. Bd3 c5 7. c3 Nbd7 8. f4 b6 9. Ngf3 Bb7 10. Bxf6 gxf6 11. Qe2 Qc7 12. O-O O-O-O 13. a4 Rdg8 14. a5 e5 15. axb6 axb6 16. Ba6 Nb8 17. Bxb7+ Kxb7 18.
fxe5 c4 19. e4 Qc6 20. exd5 Qxd5 21. Qxc4 Qxc4 22. Nxc4 Nc6 23. exf6 Bxf6 24. Nd6+ Kc7 25. Nxf7 Rh7 26. N7e5 Rhg7 27. g3 h5 28. Nxc6 h4 29. Nce5 hxg3 30. Ra7+ Kd6 31. Rxg7 Rxg7 32. hxg3 Rxg3+ 33. Kf2 1-0

[Event "*** Titled Tuesday Blitz"]
[Site "Chess.com"]
[Date "2020.05.12"]
[Round "1"]
[White "SergioGarciaFuentes"]
[Black "wadsy27"]
[Result "0-1"]
[WhiteElo "2139"]
[BlackElo "2512"]
[TimeControl "180+1"]
[EndTime "10:05:37 PDT"]
[Termination "wadsy27 won by resignation"]

1. Nf3 d5 2. d4 Nf6 3. c4 c6 4. cxd5 cxd5 5. Nc3 Nc6 6. Bf4 e6 7. e3 Bd6 8. Bg3 O-O 9. Bd3 Nb4 10. Bb1 a6 11. a3 Nc6 12. O-O Na5 13. Ne5 b5 14. e4 Bb7 15. Nxf7 Rxf7 16. e5 Be7 17. exf6 Bxf6 18. Re1 Qd7 19. Qd3 g6 20. h4 Nb3 21.
Ra2 Nxd4 22. h5 Nf5 23. hxg6 hxg6 24. Be5 Bxe5 25. Rxe5 Qd6 26. Re1 Rh7 27. g3 Kf7 28.
b4 Rah8 29. Kf1 Rh1+ 30. Ke2 Qe5+ 0-1

[Event "*** Titled Tuesday Blitz"]
[Site "Chess.com"]
[Date "2020.05.12"]
[Round "1"]
[White "Vamostodorecto"]
[Black "OparinGrigoriy"]
[Result "0-1"]
[WhiteElo "2455"]
[BlackElo "2926"]
[TimeControl "180+1"]
[EndTime "10:05:39 PDT"]
[Termination "OparinGrigoriy won by checkmate"]

1. d4 Nf6 2. c4 e6 3. Nc3 Bb4 4. Nf3 O-O 5. Bg5 h6 6. Bh4 d5 7. cxd5 exd5 8. e3 c6 9. Bd3 Nbd7 10. O-O Bd6 11. Qc2 Re8 12. a3 a5 13. Rab1 Qe7 14.
Ne2 Nf8 15. h3 Qe6 16. Bg3 Ne4 17. Bxd6 Qxd6 18. Ne5 f6 19. Bxe4 fxe5 20. Bf5 e4 21. Bxc8 Raxc8 22. b4 axb4 23. axb4 Ng6 24. Qc5 Qe6 25.
b5 Rf8 26. bxc6 bxc6 27. Rb7 Rf7 28. Rfb1 Rcf8 29. R1b6 Rxf2 30. Rxc6 Qf5 31. Rcc7 Rxg2+ 32. Kxg2 Nh4+ 33. Kg3 Qf3+ 34. Kxh4 g5# 0-1

[Event "*** Titled Tuesday Blitz"]
[Site "Chess.com"]
[Date "2020.05.12"]
[Round "1"]
[White "Orest_Vovk"]
[Black "SGchess01"]
[Result "0-1"]
[WhiteElo "2411"]
[BlackElo "2776"]
[TimeControl "180+1"]
[EndTime "10:05:39 PDT"]
[Termination "SGchess01 won by resignation"]

1. e4 Nf6 2. Nc3 d5 3. e5 Nfd7 4. e6 fxe6 5. d4 c5 6. Bd3 Nf6 7. dxc5 Nc6 8. Nf3 e5 9. Bb5 e4 10. Ne5 Bd7 11. Nxd7 Qxd7 12. Bg5 e6 13. Bxf6 gxf6 14.
Qh5+ Qf7 15. Bxc6+ bxc6 16. Qxf7+ Kxf7 17. Na4 Rg8 18. O-O f5 19. f3 exf3 20. Rxf3 Rg4 21. b3 Bg7 22. Re1 Bd4+ 23. Kf1 Rag8 24. Re2 Kf6 25.
c3 Be5 26. Rfe3 Re4 27. Rxe4 fxe4 28. g3 h5 29. Rf2+ Ke7 30. Ke2 h4 31. gxh4 Rh8 32.
c4 Rxh4 33. cxd5 exd5 34. Rf5 Ke6 35. Rf8 Rxh2+ 36. Ke3 Rh3+ 37. Ke2 d4 38. Re8+ Kf6 39. Nb6 d3+ 40. Kf1 axb6 41. cxb6 Rh1+ 42. Kg2 d2 0-1

[Event "*** Titled Tuesday Blitz"]
[Site "Chess.com"]
[Date "2020.05.12"]
[Round "1"]
[White "Korchmar_Vasiliy"]
[Black "ASVZ"]
[Result "0-1"]
[WhiteElo "2618"]
[BlackElo "2347"]
[TimeControl "180+1"]
[EndTime "10:05:39 PDT"]
[Termination "ASVZ won by resignation"]

1. d4 e6 2. c4 b6 3. e4 Bb7 4. Bd3 f5 5. exf5 Bxg2 6. Qh5+ g6 7. fxg6 Bg7 8. gxh7+ Kf8 9. Bg5 Nf6 10. Qh4 Bxh1 11.
Ne2 c5 12. Nf4 Nc6 13. Nh5 Nxd4 14. Nd2 Nf5 15. Bxf5 exf5 16. O-O-O Rxh7 17. Bxf6 Bxf6 18. Qxf6+ Qxf6 19. Nxf6 Rxh2 20. Nf1 Rxf2 21. Ng3 Bc6 22. Nxd7+ Bxd7 23. Rxd7 Re8 24. Kd1 Re7 25. Rd6 Kf7 26. Nh5 Rxb2 27. Rf6+ Ke8 28. Rxf5 Rf7 0-1